 Dungeon Crawl Stone Soup version 0.31.0-12-g77e489cdc1 (webtiles) character file.

Game seed: 544313595308928444

966 lordive the Slasher (level 7, -4/63 HPs)
             Began as a Minotaur Monk on Feb 29, 2024.
             Slain by an ogre
             ... wielding a +0 giant spiked club
              (18 damage)
             ... on level 4 of the Dungeon.
             The game lasted 00:05:14 (4074 turns).

lordive the Slasher (Minotaur Monk)                 Turns: 4074, Time: 00:05:14

Health: -4/63      AC:  9    Str: 21    XL:     7   Next: 93%
Magic:  6/6        EV: 10    Int:  7    God:
Gold:   297        SH:  0    Dex: 15    Spells: 6/6 levels left

rFire   . . .        l - +0 long sword
rCold   . . .        (no shield)
rNeg    . . .        v - +0 chain mail
rPois   .            (helmet restricted)
rElec   .            (no cloak)
rCorr   .            (no gloves)
SInv    .            (no boots)
Will    .....        (no amulet) Stlth
                     a - +6 ring of strength
HPRegen 0.30/turn    (no ring)
MPRegen 0.10/turn

%: no passive effects
@: no status effects
A: horns 2, retaliatory headbutt
a: no special abilities


You were on level 4 of the Dungeon.
You visited 1 branch of the dungeon, and saw 5 of its levels.
You also visited: Ossuary.

You collected 297 gold pieces.

Inventory:

Hand Weapons
 l - a +0 long sword (weapon)
Armour
 i - a +0 ring mail
 v - a +0 chain mail (worn)
Jewellery
 a - a +6 ring of strength (left hand)
 j - a ring of ice
Wands
 s - a wand of charming (5)
 u - a wand of iceblast (4)
Scrolls
 b - a scroll of poison {unknown}
 c - 2 scrolls of enchant weapon {unknown}
 d - 4 scrolls of fear {unknown}
 e - 3 scrolls of revelation {unknown}
 h - a scroll of vulnerability {unknown}
 k - a scroll of summoning {unknown}
 m - a scroll of enchant armour {unknown}
 o - 2 scrolls of identify {unknown}
Potions
 f - a potion of invisibility {unknown}
 g - 2 potions of degeneration {unknown}
 n - a potion of curing {unknown}
 p - 2 potions of ambrosia
 q - 2 potions of mutation {unknown}
 r - 2 potions of heal wounds {unknown}
 t - a potion of haste {unknown}


   Skills:
 + Level 6.1 Fighting
 + Level 7.8 Long Blades
 + Level 4.3 Armour
 + Level 5.6 Dodging


You had 6 spell levels left.
You didn't know any spells.
Your spell library contained the following spells:

 Spells                   Type           Power      Damage    Failure   Level
 Apportation              Tloc           0%         N/A       97%         1
 Necrotise                Necr           0%         1d4       97%         1
 Sting                    Conj/Alch      0%         1d3       97%         1
 Summon Small Mammal      Summ           0%         N/A       97%         1


Dungeon Overview and Level Annotations

Branches:
Dungeon (5/15)            Ossuary (visited)
 Temple: D:4-7

Altars:


Innate Abilities, Weirdness & Mutations

You have a pair of horns on your head.
You reflexively headbutt those who attack you in melee.


Message History

The ogre hits you with a +0 giant spiked club!!
The gnoll barely misses you. The gnoll hits you with a +0 spear.
The gnoll hits you from afar with a +0 spear.
The ogre attacks as it pursues you!
The ogre hits you with a +0 giant spiked club!!
* * * LOW HITPOINT WARNING * * *
You see here a howler monkey skeleton.
There is a stone staircase leading up here.
You climb upwards.
There is a stone staircase leading down here.
You start resting.
HP restored.
You see here 2 stones.
There is a stone staircase leading down here.
You climb downwards.
The ogre barely misses you.
There is a stone staircase leading up here.
The ogre hits you with a +0 giant spiked club!!
The gnoll hits you but does no damage.
You climb upwards.
There is a stone staircase leading down here.
You slash the ogre!
The ogre is moderately wounded.
The ogre barely misses you.
You barely miss the ogre.
The ogre is moderately wounded.
You slash the ogre!
The ogre is heavily wounded.
The ogre hits you with a +0 giant spiked club.
You hit the ogre. Your headbutt misses the ogre.
The ogre is severely wounded.
The ogre hits you with a +0 giant spiked club!
You are too injured to fight recklessly!
You are too injured to fight recklessly!
You are too injured to fight recklessly!
The ogre hits you with a +0 giant spiked club!
* * * LOW HITPOINT WARNING * * *
You hit the ogre.
The ogre is severely wounded.
The ogre hits you with a +0 giant spiked club!!
You die...

...##........# #.#
.............# #.#
#............# ##.#
#............# #..#
#............######..#
.....................#
................>##..#####
######.#######.#O##......#
# #.# #..@##.####.#
######.#######...........#
............[.......######
...##..######..#.##...#
...##..# ###...#.##.#.#
...##..###...#.#.##.#.#
...##..#...###.#.##.#.#
#####....### #.#..#.#.#
.).....### #.#..#.#.###


You could see an ogre.

Vanquished Creatures
  2 ogres
  A centaur (D:4)
  A phantom (D:5)
  2 elf zombies (Ossuary)
  A kobold brigand (D:4)
  A scorpion (D:5)
  A howler monkey (D:5)
  A bombardier beetle (D:4)
  2 hounds
  A sleepcap (D:5)
  An iguana (D:5)
  2 orc wizards (D:4)
  A hound zombie (Ossuary)
  4 mummies (Ossuary)
  3 adders
  2 ufetubi (D:5)
  An adder zombie (Ossuary)
  A dart slug (D:1)
  4 orcs
  A bat (D:1)
  5 endoplasms
  3 giant cockroaches
  3 goblins
  3 hobgoblins
  3 quokkas
  2 frilled lizards (D:1)
  A hobgoblin zombie (Ossuary)
  A jackal zombie (D:5)
  3 kobolds (D:1)
  2 kobold zombies
  2 orc zombies (Ossuary)
  2 rats (D:1)
  4 rat zombies (Ossuary)
67 creatures vanquished.

Notes
Turn   | Place    | Note
-------+----------+-------------------------------------------
     0 | D:1      | lordive the Minotaur Monk began the quest for the Orb.
     0 | D:1      | Reached XP level 1. HP: 19/19 MP: 0/0
   390 | D:1      | Reached XP level 2. HP: 17/27 MP: 1/1
   456 | D:1      | Reached skill level 4 in Long Blades
  1060 | D:2      | You fall into a shaft and drop 1 floor!
  1130 | D:4      | Noticed a centaur
  1137 | D:4      | Reached XP level 3. HP: 16/34 MP: 2/2
  1143 | D:4      | Killed a centaur
  1144 | D:4      | Reached skill level 5 in Long Blades
  1144 | D:4      | Reached XP level 4. HP: 11/41 MP: 3/3
  1283 | D:4      | Reached XP level 5. HP: 47/47 MP: 4/4
  1339 | D:4      | Reached skill level 1 in Armour
  1345 | D:4      | Reached skill level 5 in Fighting
  1453 | D:4      | Noticed an ogre
  1459 | D:4      | Killed an ogre
  1460 | D:4      | Reached XP level 6. HP: 51/56 MP: 5/5
  1475 | D:4      | Reached skill level 6 in Long Blades
  2247 | D:5      | Entered Level 5 of the Dungeon
  2247 | D:5      | Found a sand-covered staircase.
  2276 | Ossuary  | Entered an ossuary
  2325 | Ossuary  | Reached skill level 5 in Dodging
  2325 | Ossuary  | Reached XP level 7. HP: 44/62 MP: 6/6
  2339 | Ossuary  | Reached skill level 7 in Long Blades
  4074 | D:4      | Slain by an ogre

Illustrated notes

Levels and vault maps discovered:
D:1:      minmay_arrival_five_plusses, layout_basic, minivault_25,
          minmay_bisected
D:2:      layout_basic
D:3:      layout_basic
D:4:      layout_basic, grunt_ministairs_6
D:5:      layout_layer_cave, enter_ossuary_3

Skill      XL: |  1  2  3  4  5  6  7 |
---------------+----------------------+-----
Fighting       | 4 5 6 |  6.1
Long Blades    | 4 5 6 7 |  7.8
Dodging        | 4 5 |  5.6
Armour         | 1 3 4 |  4.3

Action                     |  1- 3 |  4- 6 |  7- 9 || total
---------------------------+-------+-------+-------++-------
  Melee: Falchion          |    55 |     4 |       ||    59
         Headbutt          |     9 |    12 |    21 ||    42
         Punch             |     1 |     1 |     1 ||     3
         Long sword        |       |    85 |    69 ||   154
    Use: Potion            |       |     1 |       ||     1
 Armour: Skin              |    27 |       |       ||    27
         Ring mail         |    16 |   100 |    35 ||   151
         Chain mail        |       |       |    14 ||    14
  Dodge: Dodged            |    44 |    95 |    54 ||   193
